 Dungeon Crawl Stone Soup version 0.28-a0-793-g31680bbd8b (webtiles) character file.

Game seed: 14700144179891761509

9 Gwenloh the Caller (level 2, -1/15 HPs)
             Began as a Deep Elf Summoner on Nov 3, 2021.
             Succumbed to an adder's poison
             ... on level 2 of the Dungeon.
             The game lasted 00:02:26 (1046 turns).

Gwenloh the Caller (Deep Elf Summoner)              Turns: 1046, Time: 00:02:27

Health: -1/15      AC:  2    Str:  5    XL:     2   Next: 3%
Magic:  6/8        EV: 12    Int: 19    God:
Gold:   13         SH:  0    Dex: 15    Spells: 4/7 levels left

rFire   . . .      SeeInvis .   g - +0 whip
rCold   . . .      Faith    .   (no shield)
rNeg    . . .      Spirit   .   a - +0 robe
rPois   .          Reflect  .   (no helmet)
rElec   .          Harm     .   (no cloak)
rCorr   .          Rampage  .   (no gloves)
Will    .....                   (no boots)
Stlth   ++........              (no amulet)
HPRegen 0.05/turn               (no ring)
MPRegen 0.11/turn               (no ring)

@: lethally poisoned (-1 -> -9)
A: no striking features
a: no special abilities


You were on level 2 of the Dungeon.
You visited 1 branch of the dungeon, and saw 2 of its levels.

You collected 13 gold pieces.

Inventory:

Hand Weapons
 f - a +0 short sword
 g - a +0 whip (weapon)
Armour
 a - a +0 robe (worn)
Scrolls
 b - a scroll of teleportation {unknown}
 c - a scroll of summoning {unknown}
 d - a scroll of fog {unknown}
Potions
 e - 2 potions of lignification {unknown}


   Skills:
 + Level 2.6 Dodging
 + Level 2.6 Stealth
 + Level 3.2 Spellcasting
 * Level 4.6 Summonings


You had 4 spell levels left.
You knew the following spells:

 Your Spells              Type           Power      Damage    Failure   Level
a - Summon Small Mammal   Summ           80%        N/A       2%          1
b - Call Imp              Summ           20%        N/A       3%          2

Your spell library contained the following spells:

 Spells                   Type           Power      Damage    Failure   Level
 Call Canine Familiar     Summ           20%        N/A       7%          3
 Summon Guardian Golem    Hex/Summ       11%        N/A       17%         3
 Summon Lightning Spire   Summ/Air       11%        N/A       50%         4
 Animate Dead             Necr           1%         N/A       83%         4
 Haunt                    Necr/Summ      5%         N/A       100%        7
 Infestation              Necr           1%         N/A       100%        8


Dungeon Overview and Level Annotations

Branches:
Dungeon (2/15)

Altars:


Message History

You climb downwards.
There is a stone staircase leading up here.
Casting: Summon Small Mammal (safe; 2% risk of failure)
Confirm with . or Enter, or press ? or * to list all spells.
A beastly little devil appears in a puff of flame.
Casting: Call Imp (safe; 3% risk of failure)
Confirm with . or Enter, or press ? or * to list all spells.
What are your orders? t - Shout!
Orders for allies: a - Attack new target. r - Retreat! s - Stop attacking. g - Guard the area. f - Follow me.
Anything else - Cancel.
Gang up on whom?
Press: ? - help, Dir - move target, f - adder
Aim: an adder (asleep, ally target) Attack!
Your rat bites the adder.
The adder hisses angrily.
Your crimson imp blinks!
Your rat completely misses the adder.
The adder closely misses you.
Your rat completely misses the adder.
You closely miss the adder.
The adder is heavily wounded.
The adder bites you.
Your rat bites the adder.
You hit the adder but do no damage.
The adder is heavily wounded.
The adder bites you. x2; Your rat bites the adder.
You barely miss the adder.
The adder is severely wounded.
The adder misses you.
Your rat misses the adder.
Your crimson imp blinks!
You barely miss the adder.
The adder is severely wounded.
The adder bites you.
You are lethally poisoned!
The adder poisons you!
Your rat completely misses the adder.
The adder bites you.
* * * LOW HITPOINT WARNING * * *
There are no items here.
You die...

##+###+####
..........#
......S@..#
.....r.w..#
..........#
..........#
...........
......5.....
.............
.............#


You could see a worm, an adder (ally target), a friendly crimson imp (summoned)
and a friendly rat (summoned).

Vanquished Creatures
  2 endoplasms (D:1)
  A frilled lizard (D:1)
3 creatures vanquished.

Vanquished Creatures (collateral kills)
  A dart slug (D:1)
  A ball python (D:1)
  A hobgoblin (D:1)
3 creatures vanquished.

Grand Total: 6 creatures vanquished

Notes
Turn   | Place    | Note
-------+----------+-------------------------------------------
     0 | D:1      | Gwenloh the Deep Elf Summoner began the quest for the Orb.
     0 | D:1      | Reached XP level 1. HP: 10/10 MP: 6/6
   855 | D:1      | Reached XP level 2. HP: 8/15 MP: 6/8
   858 | D:1      | Learned a level 2 spell: Call Imp
  1046 | D:2      | Succumbed to an adder's poison

Illustrated notes

Levels and vault maps discovered:
D:1:      lemuel_arrival_lava_pool, layout_basic, serial_park_tiny_2
D:2:      layout_basic

Action                   || total
-------------------------++-------
Melee: Unarmed           ||     7
       Whip              ||     7
 Cast: Summon Small Mamm ||     5
       Call Imp          ||     1
 Stab: Distracted        ||     1
       Sleeping          ||     1
Armor: Robe              ||     1
Dodge: Dodged            ||     6

Table legend: (Time is in decaauts)
 A = Elapsed time spent in this place.
 B = Non-inter-level travel time spent in this place.
 C = Inter-level travel time spent in this place.
 D = Time resting spent in this place.
 E = Time spent auto-exploring this place.
 F = Levels seen in this place.
 G = Mean time per level.
                   A        B        C        D        E       F      G
               +--------+--------+--------+--------+--------+-----+--------+
         Total |   1045 |    946 |     99 |    211 |    629 |   2 |  522.5 |
       Dungeon |   1045 |    946 |     99 |    211 |    629 |   2 |  522.5 |
               +--------+--------+--------+--------+--------+-----+--------+

Top non-repeatable levels by time:
     D:1: 1035 daAuts
     D:2: 10 daAuts
